 Dungeon Sprint DCSS version 0.30-a0-1043-g60ff8d5f49 (webtiles) character file.

Game seed: 15636941943218869566

51049 rocky1 the Archmage (level 26, -9/161 HPs)
             Began as a Deep Elf Earth Elementalist on Apr 7, 2023.
             Was the Champion of Vehumet.
             Mangled by a ghost moth (11 damage)
             ... in the Dungeon (Sprint VI: "Thunderdome") on Apr 10, 2023.
             The game lasted 01:19:20 (4672 turns).

rocky1 the Archmage (Deep Elf Earth Elementalist)   Turns: 4672, Time: 01:19:21

Health: -9/161     AC: 12    Str:  0 (1)  XL:     26   Next: 82%
Magic:  9/74       EV: 22    Int: 40      God:    Vehumet [******]
Gold:   1312       SH:  9    Dex: 17 (19) Spells: 0/79 levels left

rFire   + + .      SeeInvis +    A - staff of earth
rCold   + + .      Faith    .    s - +2 buckler of the Ghostly God {Will+ rCorr MP+9}
rNeg    + . .      Spirit   .    o - +2 robe {Archmagi}
rPois   .          Reflect  .    f - +1 hat "Ranoenis" {rF+}
rElec   +          Rampage  .    B - +0 cloak of Vieff {SInv}
rCorr   +          Archmagi +    E - +0 pair of gloves of the Heron {Regen+}
Will    ++++.      Clarity  +    w - +2 pair of boots "Sisej" {rElec rCorr Str-4 Int+7}
Stlth   +++        NoTele   +    v - amulet "Sauroani" {RegenMP rN+}
HPRegen 0.00/turn                l - ring of Zin's Supremacy {rElec rC+ Will+ Slay-3}
MPRegen 0.84/turn                x - ring of Majeudde {rF+ MP+9 Dex+4}

@: inhibited regen, slowed, lost strength, very slow
A: antennae 1, iridescent scales 1, clarity, cold resistance 1
}: 5/15 runes: serpentine, barnacled, slimy, elven, silver
a: Renounce Religion


You were in the Dungeon.
You worshipped Vehumet.
Vehumet was exalted by your worship.
You visited 1 branch You collected 17630 gold pieces.
You spent 16318 gold pieces at shops.

Inventory:

Hand Weapons
 p - a +0 club
Missiles
 n - 31 atropa-tipped darts
Armour
 f - the +1 hat "Ranoenis" (worn) {rF+}
   (You bought it in a shop in the Dungeon)

   rF:        It protects you from fire.
 m - the +2 pair of gloves of Patterns {rN++}
   (You bought it in a shop in the Dungeon)

   rN:        It greatly protects you from negative energy.
 o - a +2 robe of the Archmagi (worn)
 s - the +2 buckler of the Ghostly God (worn) {Will+ rCorr MP+9}
   (You bought it in a shop in the Dungeon)

   MP:        It affects your magic capacity (+9).
   rCorr:     It protects you from acid and corrosion.
   Will:      It increases your willpower.
 u - the +2 cloak of Dim Light {+Blink Will+}
   (You bought it in a shop in the Dungeon)

   +Blink:    It lets you blink.
   Will:      It increases your willpower.
 w - the +2 pair of boots "Sisej" (worn) {rElec rCorr Str-4 Int+7}
   (You bought it in a shop in the Dungeon)

   Str:       It affects your strength (-4).
   Int:       It affects your intelligence (+7).
   rElec:     It insulates you from electricity.
   rCorr:     It protects you from acid and corrosion.
 B - the +0 cloak of Vieff (worn) {SInv}
   (You bought it in a shop in the Dungeon)

   SInv:      It lets you see invisible.
 E - the +0 pair of gloves of the Heron (worn) {Regen+}
   (You bought it in a shop in the Dungeon)

   Regen:     It increases your rate of health regeneration.
Magical Staves
 A - a staff of earth (weapon)
 C - a staff of conjuration
Jewellery
 l - the ring of Zin's Supremacy (left hand) {rElec rC+ Will+ Slay-3}
   (You bought it in a shop in the Dungeon)

   [ring of protection from cold]

   Slay:      It affects your accuracy & damage with ranged weapons and melee
   (-3).
   rC:        It protects you from cold.
   rElec:     It insulates you from electricity.
   Will:      It increases your willpower.
 v - the amulet "Sauroani" (around neck) {RegenMP rN+}
   (You bought it in a shop in the Dungeon)

   [amulet of magic regeneration]

   It increases your rate of magic regeneration.
   rN:        It protects you from negative energy.
 x - the ring of Majeudde (right hand) {rF+ MP+9 Dex+4}
   (You bought it in a shop in the Dungeon)

   [ring of magical power]

   Dex:       It affects your dexterity (+4).
   rF:        It protects you from fire.
   MP:        It affects your magic capacity (+9).
 L - the ring of Vobex {Wiz Will- Dex+5}
   (You bought it in a shop in the Dungeon)

   [ring of wizardry]

   It improves your spell success rate.
   Dex:       It affects your dexterity (+5).
   Will:      It decreases your willpower.
 M - the ring of Fejec {Will+++ SInv}
   (You bought it in a shop in the Dungeon)

   [ring of see invisible]

   SInv:      It lets you see invisible.
   Will:      It greatly increases your willpower.
 N - the ring "Olemel" {rPois rF+ Str+3 Int+2}
   (You bought it in a shop in the Dungeon)

   [ring of protection from fire]

   Str:       It affects your strength (+3).
   Int:       It affects your intelligence (+2).
   rF:        It protects you from fire.
   rPois:     It protects you from poison.
Wands
 i - a wand of acid (5)
 j - a wand of roots (3)
 q - a wand of charming (14)
 F - a wand of digging (7)
Scrolls
 g - 15 scrolls of blinking
 k - 3 scrolls of fog
 r - 3 scrolls of amnesia
 y - 2 scrolls of enchant armour
Potions
 a - a potion of experience
 b - a potion of mutation
 c - 11 potions of curing
 d - 26 potions of heal wounds
 e - 7 potions of haste
 h - 12 potions of resistance
 z - a potion of brilliance
 D - 2 potions of magic
Miscellaneous
 t - a phantom mirror


   Skills:
 + Level 15.5 Fighting
 - Level 16.2 Dodging
 - Level 5.0 Stealth
 - Level 10.1 Shields
 O Level 27 Spellcasting
 + Level 24.1 Conjurations
 - Level 20.3 Summonings
 - Level 1.2 Transmutations
 + Level 6.7 Fire Magic
 - Level 22.0 Air Magic
 + Level 23.5 Earth Magic
 - Level 10.0 Evocations


You couldn't memorise any spells.
You knew the following spells:

 Your Spells              Type           Power      Damage    Failure   Level
a - Chain Lightning       Conj/Air       75%        3d100     1%          9
b - Stone Arrow           Conj/Erth      100%       3d13      0%          3
c - Iron Shot             Conj/Erth      89%        9d16      0%          6
d - Spellforged Servitor  Conj/Summ      74%        N/A       1%          7
e - Irradiate             Conj/Tmut      62%        3d32      1%          5
f - Summon Horrible Thin  Summ           72%        N/A       1%          8
g - Orb of Destruction    Conj           76%        9d17      0%          7
h - Lehudib's Crystal Sp  Conj/Erth      89%        10d20     1%          8
i - Shatter               Erth           89%        3d64*     1%          9
j - Maxwell's Capacitive  Air            74%        ∞         1%          8
k - Fire Storm            Conj/Fire      66%        8d17      17%         9

Your spell library contained the following spells:

 Spells                   Type           Power      Damage    Failure   Level
 Sandblast                Erth           100%       2d20      0%          1
 Passwall                 Tmut/Erth      100%       N/A       0%          2
 Flame Wave               Conj/Fire      100%       2d21      0%          4
 Freezing Cloud           Conj/Ice/Air   66%        6-21      0%          5
 Iskenderun's Battlesphe  Conj           100%       2d15      0%          5
 Conjure Ball Lightning   Conj/Air       75%        3x3d28    0%          6
 Petrify                  Tmut/Erth      100%       N/A       1%          4
 Starburst                Conj/Fire      66%        6d17      1%          6
 Malign Gateway           Summ/Tloc      58%        N/A       4%          7
 Ozocubu's Refrigeration  Ice            34%        4d15      58%         7
 Borgnjor's Revivificati  Necr           34%        N/A       100%        8
 Necromutation            Tmut/Necr      36%        N/A       100%        8
 Death's Door             Necr           34%        N/A       100%        9


Dungeon Overview and Level Annotations

Branches:
Dungeon (1/1)

Altars:
Cheibriados
Dithmenos
Fedhas
Gozag
Kikubaaqudgha
Makhleb
Okawaru
Qazlal
Ru
Sif Muna
Trog
Uskayaw
Vehumet
Wu Jian
Xom
Yredelemnul
Zin
The Shining One
Lugonu

Shops:
D [??*?*:[((!!!


Innate Abilities, Weirdness & Mutations

You have a pair of small antennae on your head.
You are partially covered in iridescent scales. (AC +2)
You possess an exceptional clarity of mind.
Your flesh is cold resistant. (rC+)


Message History

The ghost moth barely misses you. The ghost moth misses you.
The ghost moth closely misses you.
You don't have enough magic to cast this spell.
Magic courses through your body.
The unseen horror completely misses you.
The ghost moth stares at you.
You feel your power leaking away. The ghost moth hits you.
* * * LOW HITPOINT WARNING * * *
The ghost moth hits you.
* * * LOW HITPOINT WARNING * * *
You feel weakened. The ghost moth barely misses you. The ghost moth hits you.
* * * LOW HITPOINT WARNING * * *
The ghost moth completely misses you. The ghost moth barely misses you.
Aiming: Lehudib's Crystal Spear (mildly dangerous; 1% risk of failure)
Press: ? - help, Q - select action, (/) - cycle Shift-Dir - straight line, f - ghost moth
Aim: a ghost moth (slightly transparent, 86% to hit)
You feel a strong surge of power!
The crystal spear hits the ghost moth!!!!
You kill the ghost moth!
Vehumet accepts your kill. 50... The unseen horror closely misses you.
You block the unseen horror's attack. The ghost moth closely misses you.
You block the ghost moth's attack. x2
The unseen horror closely misses you.
You feel your strength returning.
You don't have enough magic to cast this spell.
You hit the ghost moth but do no damage.
You shatter the ghost moth!
The ghost moth is moderately wounded.
The unseen horror hits you.
* * * LOW HITPOINT WARNING * * *
The ghost moth barely misses you. You block the ghost moth's attack.
The ghost moth stings you!
* * * LOW HITPOINT WARNING * * *
The ghost moth hits you!
* * * LOW HITPOINT WARNING * * *
You block the ghost moth's attack. The ghost moth stings you!
You die...

#_.....)..# #.[......_#
#_....[.._#
##)...)....###
§..........)§#
....y[.[.[..)######
..[...##......__.∩##
...............)[†∩###
......#........y@....##
..#..†.....)(...x†.[.§#
.).#..0.)#...).....).§#
.....................⌠#
.......))............##
.......#.....[....∩###
[.[.[))......)___∩##
).)......[..)######
[.[........[⌠#▓


You could see a ghost moth (invisible) and an unseen horror (invisible).

Vanquished Creatures
  An orb of fire (D)
  3 Killer Klowns (D)
  Margery (D)
  Fannar (D)
  An electric golem (D)
  Ilsuiw (D)
  6 Orb Guardians (D)
  2 acid blobs (D)
  A storm dragon (D)
  2 rockslimes (D)
  8 ghost moths (D)
  3 quicksilver oozes (D)
  3 vampire knights (D)
  13 lorocyprocas (D)
  A naga warrior (D)
  A shambling mangrove (D)
  2 great orbs of eyes (D)
  A vault guard (D)
  3 centaur warriors (D)
  2 hydras (D)
  An ironbound frostheart (D)
  4 vampire magi (D)
  13 hell knights (D)
  21 skeletal warriors (D)
  A shadow wraith (D)
  A goliath frog (D)
  3 swamp dragons (D)
  2 bog bodies (D)
  Pikel (D)
  11 ugly things (D)
  A moth of wrath (D)
  37 shining eyes (D)
  2 orange demons (D)
  A komodo dragon (D)
  A yaktaur (D)
  4 rime drakes (D)
  A bloated husk (D)
  5 guardian mummies (D)
  A hellwing (D)
  3 red devils (D)
  3 wind drakes (D)
  A hornet (D)
  6 slime creatures (D)
  2 air elementals (D)
  A spriggan (D)
  5 vampires (D)
  12 neqoxecs (D)
  2 swamp drakes (D)
  3 sky beasts (D)
  5 centaurs (D)
  2 kobold brigands (D)
  Ijyb (D)
  8 mummies (D)
  2 river rats (D)
  A hobgoblin (D)
  10 kobolds (D)
  A quokka (D)
  3 rats (D)
238 creatures vanquished.

Vanquished Creatures (collateral kills)
  A vault guard (D)
  3 Orb Guardians (D)
  4 hell knights (D)
  4 skeletal warriors (D)
  A shining eye (D)
  A slime creature (D)
  3 centaurs (D)
17 creatures vanquished.

Grand Total: 255 creatures vanquished

Notes
Turn   | Place    | Note
-------+----------+-------------------------------------------
     0 | D        | rocky1 the Deep Elf Earth Elementalist began the quest for
                  | the Orb.
     0 | D        | Reached XP level 1. HP: 10/10 MP: 6/6
     3 | D        | Found a radiant altar of Vehumet.
     4 | D        | Found a glowing silver altar of Zin.
     4 | D        | Found a bloodstained altar of Trog.
     5 | D        | Found a shadowy altar of Dithmenos.
     5 | D        | Found an iron altar of Okawaru.
     5 | D        | Round 1.
     6 | D        | Found Sarog's Identification Station.
     6 | D        | Found a snail-covered altar of Cheibriados.
     6 | D        | Found a hide-covered altar of Uskayaw.
     7 | D        | Found Tuhaemmo's Advanced Armour.
     7 | D        | Found Quogaqamp's Jewellery.
    14 | D        | Became a worshipper of Vehumet
    29 | D        | Found Sayppoaf's Premium Goods.
    31 | D        | Found an ancient bone altar of Kikubaaqudgha.
    31 | D        | Found a blossoming altar of Fedhas.
    31 | D        | Found a basalt altar of Yredelemnul.
    31 | D        | Found Qopil Zi Wae's Weapon Rack.
    32 | D        | Found Ulofydd's Miscellaneous Merchandise.
    32 | D        | Found Upserch's Basic Armour.
    38 | D        | Found an opulent altar of Gozag.
    39 | D        | Found a sacrificial altar of Ru.
    40 | D        | Found a glowing golden altar of the Shining One.
    43 | D        | Found Lutsaeg's Do-It-Yourself Clinic.
    44 | D        | Found Rone's Bottled Wisdom.
    44 | D        | Found Xiragug's Distillery.
    45 | D        | Found a shimmering altar of Xom.
    45 | D        | Found a stormy altar of Qazlal.
    45 | D        | Found Numowk's Distillery.
    50 | D        | Found a burning altar of Makhleb.
    51 | D        | Found a shimmering blue altar of Sif Muna.
    55 | D        | Found Sueppopa's Staff Store.
    56 | D        | Found an ornate altar of the Wu Jian Council.
    56 | D        | Found a corrupted altar of Lugonu.
    56 | D        | Found Taphacuf's Magic Scroll Shop.
    57 | D        | Found Intaysiw's Must-Have Magic.
    57 | D        | Found Muil's Magic Scroll Shop.
    83 | D        | Reached skill level 5 in Earth Magic
    83 | D        | Reached XP level 2. HP: 15/15 MP: 4/8
    83 | D        | Reached * piety under Vehumet
    83 | D        | Offered knowledge of Magic Dart by Vehumet.
   123 | D        | Reached skill level 4 in Spellcasting
   125 | D        | Arena points: 14 (+14) [x2]
   173 | D        | Bought a clouded golden ring for 45 gold pieces
   173 | D        | Identified the ring of Zin's Supremacy {rElec rC+ Will+
                  | Slay-3} (You bought it in a shop in the Dungeon)
   173 | D        | Bought a clouded silver ring for 45 gold pieces
   173 | D        | Identified the ring of Equivalence {Str+3 Int-3 Dex+4 SInv}
                  | (You bought it in a shop in the Dungeon)
   173 | D        | Bought a brightly glowing pewter amulet for 45 gold pieces
   173 | D        | Identified the amulet of Myconaig {Regen+ Str+8 Int+3} (You
                  | bought it in a shop in the Dungeon)
   176 | D        | Round 2.
   199 | D        | Noticed Pikel
   202 | D        | Reached ** piety under Vehumet
   209 | D        | Killed Pikel
   210 | D        | Reached skill level 5 in Dodging
   210 | D        | Reached skill level 10 in Spellcasting
   210 | D        | Reached skill level 1 in Evocations
   210 | D        | Reached XP level 3. HP: 19/19 MP: 7/17
   210 | D        | Reached XP level 4. HP: 24/24 MP: 7/18
   210 | D        | Reached XP level 5. HP: 28/28 MP: 7/20
   210 | D        | Reached XP level 6. HP: 32/32 MP: 7/21
   216 | D        | Noticed Ijyb
   218 | D        | Killed Ijyb
   259 | D        | Offered knowledge of Foxfire by Vehumet.
   260 | D        | Reached skill level 11 in Spellcasting
   260 | D        | Reached XP level 7. HP: 18/36 MP: 12/23
   291 | D        | Reached *** piety under Vehumet
   291 | D        | Arena points: 56 (+42) [x3]
   292 | D        | Reached skill level 5 in Stealth
   300 | D        | Learned a level 3 spell: Stone Arrow
   363 | D        | Round 3.
   366 | D        | Noticed a red devil
   368 | D        | Noticed a hellwing
   371 | D        | Killed a red devil
   372 | D        | Reached skill level 12 in Spellcasting
   376 | D        | Killed a hellwing
   377 | D        | Reached skill level 13 in Spellcasting
   377 | D        | Reached skill level 1 in Conjurations
   377 | D        | Reached XP level 8. HP: 37/45 MP: 6/27
   384 | D        | Noticed an orange demon
   389 | D        | Killed an orange demon
   389 | D        | Reached **** piety under Vehumet
   401 | D        | Noticed an orange demon
   406 | D        | Killed an orange demon
   407 | D        | Reached skill level 14 in Spellcasting
   411 | D        | Noticed a red devil
   414 | D        | Killed a red devil
   414 | D        | Offered knowledge of Searing Ray by Vehumet.
   415 | D        | Reached skill level 15 in Earth Magic
   416 | D        | Noticed a red devil
   420 | D        | Killed a red devil
   420 | D        | Arena points: 140 (+84) [x4]
   421 | D        | Reached skill level 5 in Fighting
   421 | D        | Reached skill level 15 in Spellcasting
   421 | D        | Reached XP level 9. HP: 54/54 MP: 16/30
   451 | D        | Round 4.
   481 | D        | Reached ***** piety under Vehumet
   572 | D        | Noticed a guardian mummy
   574 | D        | Noticed a guardian mummy
   578 | D        | Killed a guardian mummy
   578 | D        | Offered knowledge of Inner Flame by Vehumet.
   580 | D        | Killed a guardian mummy
   584 | D        | Arena points: 280 (+140) [x5]
   645 | D        | Round 5.
   648 | D        | Noticed a naga warlord
   658 | D        | Killed a naga warlord
   658 | D        | Arena points: 560 (+280) [x7]
   659 | D        | Reached skill level 16 in Spellcasting
   659 | D        | Reached skill level 5 in Conjurations
   663 | D        | Got a serpentine rune of Zot
   664 | D        | Reached XP level 10. HP: 31/64 MP: 11/32
   691 | D        | Bought a shimmering platinum amulet for 45 gold pieces
   691 | D        | Identified the amulet of Ysus {Spirit rPois SInv} (You
                  | bought it in a shop in the Dungeon)
   691 | D        | Bought a slimy amethyst amulet for 45 gold pieces
   691 | D        | Identified the amulet "Sauroani" {RegenMP rN+} (You bought
                  | it in a shop in the Dungeon)
   691 | D        | Bought a shimmering ivory ring for 45 gold pieces
   691 | D        | Identified the ring "Enomiw" {rElec EV+5} (You bought it in
                  | a shop in the Dungeon)
   691 | D        | Bought a heavily runed tin ring for 45 gold pieces
   691 | D        | Identified the ring of Majeudde {rF+ MP+9 Dex+4} (You
                  | bought it in a shop in the Dungeon)
   724 | D        | Bought a book of Power for 294 gold pieces
   731 | D        | Learned a level 6 spell: Iron Shot
   739 | D        | Learned a level 7 spell: Spellforged Servitor
   745 | D        | Bought 3 scrolls of blinking for 225 gold pieces
   837 | D        | Round 6.
   840 | D        | Offered knowledge of Olgreb's Toxic Radiance by Vehumet.
   845 | D        | Reached skill level 1 in Summonings
   850 | D        | Reached ****** piety under Vehumet
   855 | D        | Reached skill level 17 in Spellcasting
   882 | D        | Arena points: 944 (+384) [x8]
   919 | D        | Round 7.
   959 | D        | Offered knowledge of Airstrike by Vehumet.
   962 | D        | Reached XP level 11. HP: 43/68 MP: 34/34
  1009 | D        | Noticed a swamp dragon
  1009 | D        | Noticed a swamp dragon
  1022 | D        | Killed a swamp dragon
  1023 | D        | Reached skill level 5 in Summonings
  1030 | D        | Killed a swamp dragon
  1031 | D        | Reached skill level 18 in Spellcasting
  1031 | D        | Arena points: 1511 (+567) [x9]
  1053 | D        | Bought 4 potions of curing for 84 gold pieces
  1053 | D        | Bought 3 potions of heal wounds for 105 gold pieces
  1061 | D        | Bought 6 potions of resistance for 420 gold pieces
  1061 | D        | Bought a potion of brilliance for 28 gold pieces
  1091 | D        | Round 8.
  1160 | D        | Offered knowledge of Irradiate by Vehumet.
  1168 | D        | Learned a level 5 spell: Irradiate
  1247 | D        | Arena points: 2311 (+800) [x10]
  1273 | D        | Round 9.
  1307 | D        | Noticed a five-headed hydra
  1311 | D        | Killed a five-headed hydra
  1311 | D        | Offered knowledge of Eringya's Noxious Bog by Vehumet.
  1362 | D        | Noticed a shambling mangrove
  1365 | D        | Killed a shambling mangrove
  1366 | D        | Reached skill level 19 in Spellcasting
  1386 | D        | Noticed a swamp dragon
  1389 | D        | Noticed a bog body
  1389 | D        | Killed a swamp dragon
  1390 | D        | Reached skill level 10 in Conjurations
  1390 | D        | Noticed a goliath frog
  1390 | D        | Noticed a bog body
  1391 | D        | Noticed a six-headed hydra
  1392 | D        | Killed a bog body
  1392 | D        | Noticed a spriggan rider
  1393 | D        | Killed a bog body
  1395 | D        | Killed a goliath frog
  1397 | D        | Killed a six-headed hydra
  1399 | D        | Reached skill level 20 in Spellcasting
  1400 | D        | Arena points: 3400 (+1089) [x11]
  1465 | D        | Round 10.
  1467 | D        | Bought a staff of earth for 750 gold pieces
  1478 | D        | Noticed Ilsuiw
  1485 | D        | Killed Ilsuiw
  1485 | D        | Arena points: 4570 (+1170) [x13]
  1488 | D        | Got a barnacled rune of Zot
  1527 | D        | Reached XP level 12. HP: 73/73 MP: 38/38
  1556 | D        | Bought a bloodstained cloak for 332 gold pieces
  1556 | D        | Identified the +0 cloak of Vieff {SInv} (You bought it in a
                  | shop in the Dungeon)
  1613 | D        | Bought 3 scrolls of blinking for 225 gold pieces
  1669 | D        | Round 11.
  1679 | D        | Reached XP level 13. HP: 78/78 MP: 37/39
  1692 | D        | Offered knowledge of Ozocubu's Refrigeration by Vehumet.
  1722 | D        | Learned a level 7 spell: Ozocubu's Refrigeration
  1726 | D        | Reached skill level 21 in Spellcasting
  1726 | D        | Reached skill level 10 in Summonings
  1758 | D        | Offered knowledge of Orb of Destruction by Vehumet.
  1772 | D        | Learned a level 7 spell: Orb of Destruction
  1773 | D        | Arena points: 6418 (+1848) [x14]
  1834 | D        | Round 12.
  1845 | D        | Paralysed by an air elemental for 1 turns
  1861 | D        | Noticed a storm dragon
  1865 | D        | Killed a storm dragon
  1884 | D        | Arena points: 8218 (+1800) [x15]
  1885 | D        | Reached skill level 22 in Spellcasting
  1903 | D        | Round 13.
  1945 | D        | Offered knowledge of Lee's Rapid Deconstruction by Vehumet.
  1953 | D        | Gained mutation: You sometimes lose your temper in combat.
                  | [a shining eye]
  1963 | D        | Gained mutation: You are clumsy. (Dex -2) [a shining eye]
  2024 | D        | Arena points: 10714 (+2496) [x16]
  2040 | D        | Bought 3 potions of mutation for 168 gold pieces
  2040 | D        | Bought 2 potions of mutation for 112 gold pieces
  2040 | D        | Bought a potion of mutation for 56 gold pieces
  2040 | D        | Lost mutation: You are clumsy. (Dex -2) [potion of
                  | mutation]
  2040 | D        | Lost mutation: You sometimes lose your temper in combat.
                  | [potion of mutation]
  2040 | D        | Gained mutation: You are partially covered in iridescent
                  | scales. (AC +2) [potion of mutation]
  2040 | D        | Gained mutation: You are weak. (Str -2) [potion of
                  | mutation]
  2040 | D        | Gained mutation: You have sharp toenails. [potion of
                  | mutation]
  2041 | D        | Lost mutation: You are weak. (Str -2) [potion of mutation]
  2041 | D        | Lost mutation: You are partially covered in iridescent
                  | scales. (AC +2) [potion of mutation]
  2041 | D        | Gained mutation: A frigid envelope surrounds you and
                  | freezes all who hurt you. [potion of mutation]
  2041 | D        | Gained mutation: You have supernaturally acute eyesight.
                  | (SInv) [potion of mutation]
  2044 | D        | Bought 6 potions of magic for 336 gold pieces
  2044 | D        | Bought 6 potions of resistance for 420 gold pieces
  2052 | D        | Bought 2 potions of experience for 600 gold pieces
  2052 | D        | Reached XP level 14. HP: 84/84 MP: 42/42
  2053 | D        | Reached XP level 15. HP: 88/88 MP: 43/43
  2092 | D        | Round 14.
  2107 | D        | Noticed a rockslime
  2108 | D        | Reached skill level 23 in Spellcasting
  2108 | D        | Reached skill level 15 in Conjurations
  2111 | D        | Killed a rockslime
  2129 | D        | Noticed a rockslime
  2130 | D        | Noticed an acid blob
  2133 | D        | Killed an acid blob
  2134 | D        | Killed a rockslime
  2134 | D        | Offered knowledge of Ignition by Vehumet.
  2149 | D        | Arena points: 13332 (+2618) [x17]
  2164 | D        | Round 15.
  2171 | D        | Noticed Fannar
  2184 | D        | Killed Fannar
  2184 | D        | Arena points: 16467 (+3135) [x19]
  2187 | D        | Got an elven rune of Zot
  2206 | D        | Bought a vibrating tin ring for 45 gold pieces
  2206 | D        | Identified the ring "Dafis" {Fly rC+} (You bought it in a
                  | shop in the Dungeon)
  2206 | D        | Bought a translucent iron ring for 45 gold pieces
  2206 | D        | Identified the ring of the Lost Spines {Dex+6 Slay+4
                  | Stlth+} (You bought it in a shop in the Dungeon)
  2206 | D        | Bought a crude lead ring for 45 gold pieces
  2206 | D        | Identified the ring of Utocluf {rPois SInv} (You bought it
                  | in a shop in the Dungeon)
  2206 | D        | Bought a twitching wooden ring for 45 gold pieces
  2206 | D        | Identified the ring "Baokew" {Drain rPois Int+5 SInv} (You
                  | bought it in a shop in the Dungeon)
  2206 | D        | Bought a fine granite ring for 45 gold pieces
  2206 | D        | Identified the ring of Vobex {Wiz Will- Dex+5} (You bought
                  | it in a shop in the Dungeon)
  2206 | D        | Bought a heavily runed jade ring for 45 gold pieces
  2206 | D        | Identified the ring of Fejec {Will+++ SInv} (You bought it
                  | in a shop in the Dungeon)
  2206 | D        | Bought a fine turquoise ring for 45 gold pieces
  2206 | D        | Identified the ring "Olemel" {rPois rF+ Str+3 Int+2} (You
                  | bought it in a shop in the Dungeon)
  2206 | D        | Bought a translucent marble ring for 45 gold pieces
  2206 | D        | Identified the ring "Veruot" {rN+ Will+ Str+6} (You bought
                  | it in a shop in the Dungeon)
  2206 | D        | Bought a glittering pewter ring for 45 gold pieces
  2206 | D        | Identified the ring of Gutiq {rPois SInv} (You bought it in
                  | a shop in the Dungeon)
  2206 | D        | Bought a crude steel ring for 45 gold pieces
  2206 | D        | Identified the ring of Komoc {rPois rF+ Str+5} (You bought
                  | it in a shop in the Dungeon)
  2229 | D        | Bought a brightly glowing buckler for 332 gold pieces
  2229 | D        | Identified the +3 buckler of Piazxaix {Harm rCorr Slay-2}
                  | (You bought it in a shop in the Dungeon)
  2229 | D        | Bought a smouldering hat for 315 gold pieces
  2229 | D        | Identified the +1 hat "Ranoenis" {rF+} (You bought it in a
                  | shop in the Dungeon)
  2229 | D        | Bought a pair of glimmering boots for 332 gold pieces
  2229 | D        | Identified the -2 pair of boots "Qewnic" {Rampage rC+ Str+4
                  | Dex-3} (You bought it in a shop in the Dungeon)
  2259 | D        | Bought a +0 pair of gloves for 54 gold pieces
  2280 | D        | Bought 3 potions of heal wounds for 105 gold pieces
  2305 | D        | Reached skill level 5 in Shields
  2305 | D        | Reached XP level 16. HP: 93/93 MP: 45/45
  2364 | D        | Round 16.
  2424 | D        | Reached skill level 24 in Spellcasting
  2433 | D        | Offered knowledge of Lehudib's Crystal Spear by Vehumet.
  2433 | D        | Offered knowledge of Shatter by Vehumet.
  2433 | D        | Offered knowledge of Maxwell's Capacitive Coupling by
                  | Vehumet.
  2485 | D        | Arena points: 20307 (+3840) [x20]
  2523 | D        | Learned a level 8 spell: Lehudib's Crystal Spear
  2533 | D        | Learned a level 9 spell: Shatter
  2542 | D        | Learned a level 8 spell: Maxwell's Capacitive Coupling
  2550 | D        | Bought 5 scrolls of amnesia for 200 gold pieces
  2550 | D        | Round 17.
  2564 | D        | Reached skill level 1 in Air Magic
  2691 | D        | Arena points: 24948 (+4641) [x21]
  2713 | D        | Round 18.
  2721 | D        | Bought a brightly glowing buckler for 332 gold pieces
  2721 | D        | Identified the +2 buckler of the Ghostly God {Will+ rCorr
                  | MP+9} (You bought it in a shop in the Dungeon)
  2721 | D        | Bought a dazzling cloak for 332 gold pieces
  2721 | D        | Identified the +2 cloak of Dim Light {+Blink Will+} (You
                  | bought it in a shop in the Dungeon)
  2721 | D        | Bought a pair of jewelled boots for 332 gold pieces
  2721 | D        | Identified the +2 pair of boots "Sisej" {rElec rCorr Str-4
                  | Int+7} (You bought it in a shop in the Dungeon)
  2721 | D        | Bought a pair of smoking gloves for 332 gold pieces
  2721 | D        | Identified the +0 pair of gloves of the Heron {Regen+} (You
                  | bought it in a shop in the Dungeon)
  2769 | D        | Reached skill level 25 in Spellcasting
  2776 | D        | Reached skill level 15 in Summonings
  2799 | D        | Reached XP level 17. HP: 86/97 MP: 45/48
  2835 | D        | Arena points: 30096 (+5148) [x22]
  2853 | D        | Bought 4 potions of curing for 84 gold pieces
  2855 | D        | Bought 3 potions of experience for 900 gold pieces
  2855 | D        | Reached XP level 18. HP: 103/103 MP: 49/49
  2856 | D        | Reached XP level 19. HP: 108/108 MP: 50/50
  2857 | D        | Reached XP level 20. HP: 116/116 MP: 51/51
  2898 | D        | Round 19.
  2937 | D        | Reached skill level 10 in Fighting
  3019 | D        | Arena points: 30324 (+228) [x1]
  3034 | D        | Round 20.
  3087 | D        | Arena points: 31044 (+720) [x3]
  3090 | D        | Got the Enchiridion on Assaults
  3090 | D        | Got a silver rune of Zot
  3141 | D        | Bought a warped kite shield for 332 gold pieces
  3141 | D        | Identified the +4 kite shield of Noughts and Crosses
                  | {Int+3} (You bought it in a shop in the Dungeon)
  3141 | D        | Bought a pair of steaming gloves for 332 gold pieces
  3141 | D        | Identified the +2 pair of gloves of Patterns {rN++} (You
                  | bought it in a shop in the Dungeon)
  3141 | D        | Upgraded the game from 0.30-a0-1016-gfb0d676c02 to
                  | 0.30-a0-1018-g25214051b3
  3295 | D        | Round 21.
  3343 | D        | Reached skill level 15 in Dodging
  3343 | D        | Gained mutation: You occasionally lose the ability to read
                  | scrolls when taking damage. [a shining eye]
  3391 | D        | Gained mutation: You sometimes lose the ability to read
                  | scrolls when taking damage. [a shining eye]
  3395 | D        | Arena points: 32220 (+1176) [x4]
  3399 | D        | Lost mutation: A frigid envelope surrounds you and freezes
                  | all who hurt you. [potion of mutation]
  3399 | D        | Lost mutation: You have supernaturally acute eyesight.
                  | (SInv) [potion of mutation]
  3399 | D        | Gained mutation: Your movements are slightly less
                  | encumbered by armour. (ER -2) [potion of mutation]
  3399 | D        | Gained mutation: Your body sometimes deteriorates upon
                  | taking damage. [potion of mutation]
  3400 | D        | Lost mutation: You sometimes lose the ability to read
                  | scrolls when taking damage. [potion of mutation]
  3400 | D        | Lost mutation: Your body sometimes deteriorates upon taking
                  | damage. [potion of mutation]
  3400 | D        | Gained mutation: You have a somewhat thin skeletal
                  | structure. (Dex +2, Stealth+) [potion of mutation]
  3401 | D        | Lost mutation: You have a somewhat thin skeletal structure.
                  | (Dex +2, Stealth+) [potion of mutation]
  3401 | D        | Lost mutation: Your movements are slightly less encumbered
                  | by armour. (ER -2) [potion of mutation]
  3401 | D        | Gained mutation: Your natural rate of healing is unusually
                  | fast. [potion of mutation]
  3401 | D        | Gained mutation: You have a pair of small horns on your
                  | head. [potion of mutation]
  3401 | D        | Gained mutation: Your mind is acute. (Int +4, Str/Dex -1)
                  | [potion of mutation]
  3402 | D        | Lost mutation: Your mind is acute. (Int +4, Str/Dex -1)
                  | [potion of mutation]
  3402 | D        | Lost mutation: You have a pair of small horns on your head.
                  | [potion of mutation]
  3402 | D        | Lost mutation: You have sharp toenails. [potion of
                  | mutation]
  3440 | D        | Bought 3 potions of mutation for 168 gold pieces
  3440 | D        | Bought 2 potions of mutation for 112 gold pieces
  3440 | D        | Bought a potion of mutation for 56 gold pieces
  3447 | D        | Round 22.
  3509 | D        | Reached skill level 10 in Air Magic
  3568 | D        | Arena points: 33760 (+1540) [x5]
  3595 | D        | Bought 3 potions of experience for 900 gold pieces
  3595 | D        | Bought a potion of experience for 300 gold pieces
  3595 | D        | Bought a potion of experience for 300 gold pieces
  3596 | D        | Reached skill level 15 in Air Magic
  3596 | D        | Reached XP level 21. HP: 128/128 MP: 52/52
  3597 | D        | Reached XP level 22. HP: 133/133 MP: 53/53
  3598 | D        | Reached XP level 23. HP: 138/138 MP: 54/54
  3599 | D        | Reached XP level 24. HP: 144/144 MP: 54/54
  3600 | D        | Reached XP level 25. HP: 148/148 MP: 54/54
  3601 | D        | Reached XP level 26. HP: 154/154 MP: 54/54
  3602 | D        | Upgraded the game from 0.30-a0-1018-g25214051b3 to
                  | 0.30-a0-1043-g60ff8d5f49
  3641 | D        | Round 23.
  3776 | D        | Arena points: 35830 (+2070) [x6]
  3826 | D        | Round 24.
  3827 | D        | Bought a distressingly furry leather armour for 245 gold
                  | pieces
  3827 | D        | Identified the +0 leather armour "Osed" {Slay+2} (You
                  | bought it in a shop in the Dungeon)
  3827 | D        | Bought a jewelled tower shield for 332 gold pieces
  3827 | D        | Identified the +1 tower shield "Moskaoni" {rPois rF- rN++
                  | Str-4} (You bought it in a shop in the Dungeon)
  3827 | D        | Bought a sheer robe for 199 gold pieces
  3827 | D        | Identified the +1 robe of Focus {-Tele rN+ rCorr Int+2}
                  | (You bought it in a shop in the Dungeon)
  3827 | D        | Bought a transparent helmet for 332 gold pieces
  3827 | D        | Identified the +0 helmet "Ovian" {Fly Will++ rCorr Int-3}
                  | (You bought it in a shop in the Dungeon)
  3906 | D        | Reached skill level 26 in Spellcasting
  3935 | D        | Noticed Margery
  3940 | D        | Reached skill level 27 in Spellcasting
  3943 | D        | Killed Margery
  3944 | D        | Arena points: 39022 (+3192) [x7]
  4001 | D        | Round 25.
  4003 | D        | Bought 4 potions of curing for 84 gold pieces
  4003 | D        | Bought 3 potions of heal wounds for 105 gold pieces
  4003 | D        | Bought 3 potions of heal wounds for 105 gold pieces
  4003 | D        | Bought 3 potions of heal wounds for 105 gold pieces
  4003 | D        | Bought 3 potions of heal wounds for 105 gold pieces
  4037 | D        | Identified the +0 hat "Etuq" {Int+2} (You found it in the
                  | Dungeon)
  4037 | D        | Arena points: 42397 (+3375) [x9]
  4038 | D        | Reached skill level 10 in Shields
  4040 | D        | Got a slimy rune of Zot
  4049 | D        | Bought a Necronomicon for 392 gold pieces
  4049 | D        | Bought a Grand Grimoire for 238 gold pieces
  4049 | D        | Bought a book of Annihilations for 420 gold pieces
  4120 | D        | Bought 3 potions of heal wounds for 105 gold pieces
  4120 | D        | Bought 3 potions of heal wounds for 105 gold pieces
  4120 | D        | Bought 3 potions of heal wounds for 105 gold pieces
  4150 | D        | Bought a scroll of blinking for 75 gold pieces
  4150 | D        | Bought 5 scrolls of blinking for 375 gold pieces
  4150 | D        | Bought 4 scrolls of blinking for 300 gold pieces
  4176 | D        | Learned a level 9 spell: Chain Lightning
  4185 | D        | Learned a level 8 spell: Summon Horrible Things
  4195 | D        | Learned a level 9 spell: Fire Storm
  4204 | D        | Round 26.
  4210 | D        | Gained mutation: You occasionally shout uncontrollably at
                  | your foes. [a shining eye]
  4212 | D        | Gained mutation: You are clumsy. (Dex -2) [a shining eye]
  4220 | D        | Gained mutation: Your magical capacity is low. (-10% MP) [a
                  | shining eye]
  4223 | D        | Gained mutation: You have hidden genetic defects. [a
                  | shining eye]
  4224 | D        | Gained mutation: You are very clumsy. (Dex -4) [a shining
                  | eye]
  4236 | D        | Gained mutation: Armour fits poorly on your strangely
                  | shaped body. [a shining eye]
  4250 | D        | Gained mutation: You are weak. (Str -2) [a shining eye]
  4251 | D        | Arena points: 46297 (+3900) [x10]
  4257 | D        | Lost mutation: You occasionally shout uncontrollably at
                  | your foes. [potion of mutation]
  4257 | D        | Lost mutation: Armour fits poorly on your strangely shaped
                  | body. [potion of mutation]
  4257 | D        | Lost mutation: You have hidden genetic defects. [potion of
                  | mutation]
  4259 | D        | Lost mutation: Your magical capacity is low. (-10% MP)
                  | [potion of mutation]
  4259 | D        | Lost mutation: You are very clumsy. (Dex -4) [potion of
                  | mutation]
  4259 | D        | Lost mutation: You are clumsy. (Dex -2) [potion of
                  | mutation]
  4259 | D        | Gained mutation: Your spells are a little harder to cast,
                  | but a little more powerful. [potion of mutation]
  4259 | D        | Lost mutation: Your spells are a little harder to cast, but
                  | a little more powerful. [potion of mutation]
  4259 | D        | Lost mutation: Your natural rate of healing is unusually
                  | fast. [potion of mutation]
  4259 | D        | Gained mutation: You are strong-willed. (Will+) [potion of
                  | mutation]
  4260 | D        | Lost mutation: You are weak. (Str -2) [potion of mutation]
  4260 | D        | Lost mutation: You occasionally lose the ability to read
                  | scrolls when taking damage. [potion of mutation]
  4260 | D        | Gained mutation: You possess an exceptional clarity of
                  | mind. [potion of mutation]
  4260 | D        | Lost mutation: You possess an exceptional clarity of mind.
                  | [potion of mutation]
  4260 | D        | Gained mutation: You have a pair of small antennae on your
                  | head. [potion of mutation]
  4261 | D        | Lost mutation: You are strong-willed. (Will+) [potion of
                  | mutation]
  4261 | D        | Lost mutation: You have a pair of small antennae on your
                  | head. [potion of mutation]
  4261 | D        | Gained mutation: You have a pair of small horns on your
                  | head. [potion of mutation]
  4261 | D        | Gained mutation: You are frail. (-10% HP) [potion of
                  | mutation]
  4261 | D        | Gained mutation: You are agile. (Dex +4, Str/Int -1)
                  | [potion of mutation]
  4262 | D        | Lost mutation: You have a pair of small horns on your head.
                  | [potion of mutation]
  4262 | D        | Lost mutation: You are frail. (-10% HP) [potion of
                  | mutation]
  4262 | D        | Lost mutation: You are agile. (Dex +4, Str/Int -1) [potion
                  | of mutation]
  4262 | D        | Gained mutation: You have a pair of small antennae on your
                  | head. [potion of mutation]
  4262 | D        | Gained mutation: You possess an exceptional clarity of
                  | mind. [potion of mutation]
  4262 | D        | Gained mutation: You are partially covered in iridescent
                  | scales. (AC +2) [potion of mutation]
  4262 | D        | Gained mutation: Your flesh is cold resistant. (rC+)
                  | [potion of mutation]
  4275 | D        | Round 27.
  4284 | D        | Reached skill level 5 in Evocations
  4294 | D        | Bought 4 scrolls of enchant armour for 300 gold pieces
  4294 | D        | Bought 5 scrolls of blinking for 375 gold pieces
  4294 | D        | Bought 4 scrolls of blinking for 300 gold pieces
  4316 | D        | Noticed an orb of fire
  4320 | D        | Killed an orb of fire
  4392 | D        | Arena points: 51049 (+4752) [x11]
  4393 | D        | Reached skill level 10 in Evocations
  4581 | D        | Round 28.
  4591 | D        | Reached skill level 1 in Fire Magic
  4599 | D        | Reached skill level 15 in Fighting
  4644 | D        | Reached skill level 5 in Fire Magic
  4653 | D        | Lost strength.
  4658 | D        | Bought 6 potions of magic for 336 gold pieces
  4658 | D        | Bought 3 potions of haste for 210 gold pieces
  4672 | D        | HP: 2/161 [ghost moth (11)]
  4672 | D        | Mangled by a ghost moth

Illustrated notes

Levels and vault maps discovered:
D:        arena_sprint

Skill      XL: |  1  2  3  4  5  6  7  8  9 10 11 12 13 14 15 16 17 18 19 20 21 22 23 24 25 26 |
---------------+-------------------------------------------------------------------------------+-----
Earth Magic    | 5 12 13 15 16 18 19 20 21 22 23 | 23.5
Dodging        | 5 6 7 8 9 11 15 16 | 16.2
Spellcasting   | 10 11 13 15 16 17 20 22 23 25 27 | 27.0
Stealth        | 4 5 |  5.0
Evocations     | 1 10 | 10.0
Fighting       | 2 5 8 9 12 15 | 15.5
Conjurations   | 1 3 5 7 11 14 16 17 24 | 24.1
Summonings     | 4 9 12 13 15 20 | 20.3
Shields        | 3 5 9 10 | 10.1
Air Magic      | 4 6 15 16 17 18 22 | 22.0
Fire Magic     | 6 |  6.7
Transmutations | |  1.2

Action                     |  1- 3 |  4- 6 |  7- 9 | 10-12 | 13-15 | 16-18 | 19-21 | 22-24 | 25-27 || total
---------------------------+-------+-------+-------+-------+-------+-------+-------+-------+-------++-------
  Melee: Staff             |       |       |       |       |       |       |     2 |       |    15 ||    17
   Cast: Sandblast         |    12 |     3 |     8 |       |       |       |       |       |       ||    23
         Stone Arrow       |       |       |    38 |    55 |    15 |       |       |       |       ||   108
         Iron Shot         |       |       |       |    26 |    65 |    54 |    47 |       |    76 ||   268
         Lehudib's Crystal |       |       |       |       |       |       |    11 |       |    28 ||    39
         Shatter           |       |       |       |       |       |       |     7 |       |       ||     7
         Spellforged Servi |       |       |       |       |       |       |     4 |       |    15 ||    19
  Evoke: Wand              |     2 |       |       |       |       |       |       |       |       ||     2
    Use: Scroll            |     1 |       |       |     2 |     1 |     2 |     3 |       |     9 ||    18
         Potion            |       |       |     3 |     3 |     7 |     2 |    13 |     3 |    15 ||    46
 Armour: Robe              |       |       |       |     1 |     2 |     3 |       |       |    13 ||    19
  Dodge: Dodged            |       |       |     6 |     5 |    14 |       |    20 |       |    48 ||    93
  Block: Buckler           |       |       |       |       |       |     2 |    12 |       |    17 ||    31

Table legend: (Time is in decaauts)
 A = Elapsed time spent in this place.
 B = Non-inter-level travel time spent in this place.
 C = Inter-level travel time spent in this place.
 D = Time resting spent in this place.
 E = Time spent auto-exploring this place.
 F = Levels seen in this place.
 G = Mean time per level.
                   A        B        C        D        E       F      G
               +--------+--------+--------+--------+--------+-----+--------+
         Total |   4709 |   4695 |     14 |   1543 |      0 |   1 | 4709.0 |
       Dungeon |   4709 |   4695 |     14 |   1543 |      0 |   1 | 4709.0 |
               +--------+--------+--------+--------+--------+-----+--------+

Top non-repeatable levels by time:
       D: 4709 daAuts
